TOP OF THE 1ST |
Baltimore Orioles batting - Pitching for Cleveland Indians : RHP Art Nobles
|
Pitching: RHP Art Nobles
|
|
Batting: RHB Andres Leon
|
0-0: Foul Ball, location: 2F 0-1: Ground out 6-3 (Groundball, 6, EV 93.8 MPH)
|
Batting: RHB Marc Peckermark
|
0-0: SINGLE (Line Drive, 9S, EV 88.8 MPH)
|
Batting: RHB Saimei Kudo
|
0-0: Grounds into double play, 4-6-3 (Groundball, 4M, EV 85.0 MPH)
|
Top of the 1st over - 0 runs, 1 hit, 0 errors, 0 left on base; Baltimore 0 - Cleveland 0 |
BOTTOM OF THE 1ST |
Cleveland Indians batting - Pitching for Baltimore Orioles : RHP Paul Schwartz
|
Pitching: RHP Paul Schwartz
|
|
Batting: LHB Arvin Dungca
|
0-0: Ball 1-0: Fly out, F6 (Flyball, 6D, EV 76.2 MPH)
|
Batting: LHB Danny Dunham
|
0-0: Ball 1-0: Ball 2-0: Called Strike 2-1: Ground out 4-3 (Groundball, 4, EV 88.8 MPH)
|
Batting: LHB Kyle Schaible
|
0-0: Called Strike 0-1: Foul Ball, location: 2F 0-2: Ball 1-2: Strikes out looking
|
Bottom of the 1st over - 0 runs, 0 hits, 0 errors, 0 left on base; Baltimore 0 - Cleveland 0 |
TOP OF THE 2ND |
Baltimore Orioles batting - Pitching for Cleveland Indians : RHP Art Nobles
|
Batting: SHB Jason Hayes
|
0-0: Foul Ball, location: 2F 0-1: Ball 1-1: SOLO HOME RUN (Flyball, 9D, EV 96.2 MPH), Distance : 382 ft
|
Batting: LHB Brad Pepin
|
0-0: Called Strike 0-1: Ball 1-1: Ball 2-1: Called Strike 2-2: Foul Ball, location: 2F 2-2: Ball 3-2: Fly out, F8 (Flyball, 8LD, EV 105.6 MPH)
|
Batting: SHB Robert Handy
|
0-0: Ball 1-0: Called Strike 1-1: Ball 2-1: Called Strike 2-2: Strikes out swinging
|
Batting: LHB Paul Diaz
|
0-0: Called Strike 0-1: SINGLE (Line Drive, 8LM, EV 93.8 MPH)
|
Batting: LHB Gabe Pace
|
0-0: Called Strike 0-1: Foul Ball, location: 2F 0-2: Ball 1-2: Ground out 4-3 (Groundball, 34, EV 93.8 MPH)
|
Top of the 2nd over - 1 run, 2 hits, 0 errors, 1 left on base; Baltimore 1 - Cleveland 0 |
BOTTOM OF THE 2ND |
Cleveland Indians batting - Pitching for Baltimore Orioles : RHP Paul Schwartz
|
Batting: RHB Shigem Kubo
|
0-0: Ball 1-0: Swinging Strike 1-1: Foul Ball, location: 2F 1-2: Ground out 5-3 (Groundball, 56, EV 102.5 MPH)
|
Batting: RHB Hiroshige Yamada
|
0-0: SINGLE (Groundball, 56D, EV 93.8 MPH)
|
Batting: RHB Ji-an Li
|
0-0: Ball 1-0: Ball 2-0: SINGLE (Line Drive, 8RM, EV 93.1 MPH) Hiroshige Yamada to second
|
Batting: LHB Stu Sornson
|
0-0: Ball 1-0: Called Strike Hiroshige Yamada steals 3rd base Ji-an Li to second 1-1: Foul Ball, location: 2F 1-2: Fly out, F5 (Popup, 6S, EV 81.2 MPH)
|
Batting: RHB Drtian Thaqi
|
0-0: Called Strike 0-1: Foul Ball, location: 2F 0-2: Foul Ball, location: 2F 0-2: Strikes out swinging
|
Bottom of the 2nd over - 0 runs, 2 hits, 0 errors, 2 left on base; Baltimore 1 - Cleveland 0 |
TOP OF THE 3RD |
Baltimore Orioles batting - Pitching for Cleveland Indians : RHP Art Nobles
|
Batting: RHB Ruben Garza
|
0-0: Called Strike 0-1: Ball 1-1: Foul Ball, location: 2F 1-2: Foul Ball, location: 2F 1-2: Ground out 5-3 (Groundball, 56, EV 86.2 MPH)
|
Batting: RHB Andres Leon
|
0-0: Ball 1-0: Called Strike 1-1: Foul Ball, location: 2F 1-2: Ball 2-2: Fly out, F7 (Line Drive, 78M, EV 90.0 MPH)
|
Batting: RHB Marc Peckermark
|
0-0: Ball 1-0: Ball 2-0: Foul Ball, location: 2F 2-1: Fly out, F9 (Flyball, 9D, EV 85.0 MPH)
|
Top of the 3rd over - 0 runs, 0 hits, 0 errors, 0 left on base; Baltimore 1 - Cleveland 0 |
BOTTOM OF THE 3RD |
Cleveland Indians batting - Pitching for Baltimore Orioles : RHP Paul Schwartz
|
Batting: RHB Jesus Galvan
|
0-0: Ball 1-0: SOLO HOME RUN (Flyball, 7LD, EV 93.8 MPH), Distance : 360 ft
|
Batting: LHB Arvin Dungca
|
0-0: Ball 1-0: Called Strike 1-1: Foul Ball, location: 2F 1-2: Ground out 4-3 (Groundball, 4, EV 90.6 MPH)
|
Batting: LHB Danny Dunham
|
0-0: Foul Ball, location: 2F 0-1: Foul Ball, location: 2F 0-2: Fly out, F7 (Flyball, 78M, EV 81.2 MPH)
|
Batting: LHB Kyle Schaible
|
0-0: Ball 1-0: Called Strike 1-1: Ground out 1-3 (Groundball, 15S, EV 71.9 MPH)
|
Bottom of the 3rd over - 1 run, 1 hit, 0 errors, 0 left on base; Baltimore 1 - Cleveland 1 |
TOP OF THE 4TH |
Baltimore Orioles batting - Pitching for Cleveland Indians : RHP Art Nobles
|
Batting: RHB Saimei Kudo
|
0-0: Ground out 6-3 (Groundball, 6, EV 90.6 MPH)
|
Batting: SHB Jason Hayes
|
0-0: Ground out 6-3 (Groundball, 6M, EV 86.9 MPH)
|
Batting: LHB Brad Pepin
|
0-0: Fly out, F8 (Flyball, 8LS, EV 90.6 MPH)
|
Top of the 4th over - 0 runs, 0 hits, 0 errors, 0 left on base; Baltimore 1 - Cleveland 1 |
BOTTOM OF THE 4TH |
Cleveland Indians batting - Pitching for Baltimore Orioles : RHP Paul Schwartz
|
Batting: RHB Shigem Kubo
|
0-0: Called Strike 0-1: SINGLE (Groundball, 5D, EV 99.4 MPH)
|
Batting: RHB Hiroshige Yamada
|
0-0: Ball 1-0: SINGLE (Line Drive, 6D, EV 95.0 MPH) Shigem Kubo to second
|
Batting: RHB Ji-an Li
|
0-0: Ball 1-0: Swinging Strike 1-1: Foul Ball, location: 2F 1-2: Foul Ball, location: 2F 1-2: Foul Ball, location: 2F 1-2: Strikes out looking
|
Batting: LHB Stu Sornson
|
0-0: Foul Ball, location: 2F 0-1: Ball 1-1: Ball 2-1: Ball 3-1: Foul Ball, location: 2F 3-2: Base on Balls Shigem Kubo to third Hiroshige Yamada to second
|
Batting: RHB Drtian Thaqi
|
0-0: Fly out, F8 (Flyball, 89M, EV 91.2 MPH) Runner from 3rd tags up, SCORES, no throw by CF
|
Batting: RHB Jesus Galvan
|
0-0: Fielders Choice at 2nd, 5-4 (Groundball, 56, EV 97.5 MPH)
|
Bottom of the 4th over - 1 run, 2 hits, 0 errors, 2 left on base; Baltimore 1 - Cleveland 2 |
TOP OF THE 5TH |
Baltimore Orioles batting - Pitching for Cleveland Indians : RHP Art Nobles
|
Batting: SHB Robert Handy
|
0-0: Ground out 6-3 (Groundball, 4, EV 98.1 MPH)
|
Batting: LHB Paul Diaz
|
0-0: Ball 1-0: Called Strike 1-1: Swinging Strike 1-2: Ball 2-2: Strikes out looking
|
Batting: LHB Gabe Pace
|
0-0: Fly out, F9 (Flyball, 9LS, EV 91.2 MPH)
|
Top of the 5th over - 0 runs, 0 hits, 0 errors, 0 left on base; Baltimore 1 - Cleveland 2 |
BOTTOM OF THE 5TH |
Cleveland Indians batting - Pitching for Baltimore Orioles : RHP Paul Schwartz
|
Batting: LHB Arvin Dungca
|
0-0: Ball 1-0: Ball 2-0: Ball 3-0: Base on Balls
|
Batting: LHB Danny Dunham
|
0-0: Called Strike 0-1: Foul Ball, location: 2F 0-2: Ball 1-2: Strikes out looking
|
Batting: LHB Kyle Schaible
|
0-0: Ball 1-0: Ball 2-0: Ball 3-0: Base on Balls Arvin Dungca to second
|
Batting: RHB Shigem Kubo
|
0-0: Called Strike 0-1: Foul Ball, location: 2F 0-2: Ball 1-2: Ball 2-2: Foul Ball, location: 2F 2-2: 3-RUN HOME RUN (Flyball, 78XD, EV 98.1 MPH), Distance : 404 ft
|
Pitching: RHP Joon-ho Rhee
|
|
Batting: RHB Hiroshige Yamada
|
0-0: Called Strike 0-1: Swinging Strike 0-2: SINGLE (Groundball, 6MD, EV 99.4 MPH)
|
Batting: RHB Ji-an Li
|
0-0: Called Strike 0-1: Ball 1-1: Grounds into double play, 6-4-3 (Groundball, 6S, EV 87.5 MPH)
|
Bottom of the 5th over - 3 runs, 2 hits, 0 errors, 0 left on base; Baltimore 1 - Cleveland 5 |
TOP OF THE 6TH |
Baltimore Orioles batting - Pitching for Cleveland Indians : RHP Art Nobles
|
Batting: RHB Ruben Garza
|
0-0: Ball 1-0: Called Strike 1-1: Fly out, F9 (Flyball, 9LM, EV 95.0 MPH)
|
Batting: RHB Andres Leon
|
0-0: Ball 1-0: Ground out 1-3 (Groundball, 15S, EV 75.0 MPH)
|
Batting: RHB Marc Peckermark
|
0-0: TRIPLE (Line Drive, 78XD, EV 103.8 MPH)
|
Batting: RHB Saimei Kudo
|
0-0: Ball 1-0: Swinging Strike 1-1: Ball 2-1: Ball 3-1: Base on Balls
|
Batting: SHB Jason Hayes
|
0-0: Called Strike 0-1: Ball 1-1: Called Strike 1-2: Strikes out looking
|
Top of the 6th over - 0 runs, 1 hit, 0 errors, 2 left on base; Baltimore 1 - Cleveland 5 |
BOTTOM OF THE 6TH |
Cleveland Indians batting - Pitching for Baltimore Orioles : RHP Joon-ho Rhee
|
Batting: LHB Stu Sornson
|
0-0: Ball 1-0: Ground out 6-3 (Groundball, 6, EV 78.8 MPH)
|
Batting: RHB Drtian Thaqi
|
0-0: Ball 1-0: Called Strike 1-1: SINGLE (Line Drive, 5D, EV 104.4 MPH)
|
Batting: RHB Jesus Galvan
|
0-0: Foul Ball, location: 2F 0-1: Ball 1-1: Ball 2-1: Ball 3-1: Foul Ball, location: 2F 3-2: Foul Ball, location: 2F 3-2: Foul Ball, location: 2F 3-2: Fly out, F7 (Line Drive, 7, EV 100.6 MPH)
|
Batting: LHB Arvin Dungca
|
0-0: Ground out 4-3 (Groundball, 34, EV 90.6 MPH)
|
Bottom of the 6th over - 0 runs, 1 hit, 0 errors, 1 left on base; Baltimore 1 - Cleveland 5 |
TOP OF THE 7TH |
Baltimore Orioles batting - Pitching for Cleveland Indians : RHP Art Nobles
|
Batting: LHB Brad Pepin
|
0-0: SOLO HOME RUN (Line Drive, 7LD, EV 94.4 MPH), Distance : 378 ft
|
Batting: SHB Robert Handy
|
0-0: Called Strike 0-1: Foul Ball, location: 2F 0-2: Fly out, F9 (Flyball, 9LD, EV 106.9 MPH)
|
Batting: LHB Paul Diaz
|
0-0: Ground out 4-3 (Groundball, 4, EV 86.9 MPH)
|
Batting: LHB Gabe Pace
|
0-0: Ball 1-0: Ball 2-0: Called Strike 2-1: Foul Ball, location: 2F 2-2: Ball 3-2: Base on Balls
|
Batting: RHB Ruben Garza
|
0-0: Called Strike 0-1: Ball 1-1: Fielders Choice at 2nd, U4 (Groundball, 4M, EV 80.0 MPH)
|
Top of the 7th over - 1 run, 1 hit, 0 errors, 1 left on base; Baltimore 2 - Cleveland 5 |
BOTTOM OF THE 7TH |
Cleveland Indians batting - Pitching for Baltimore Orioles : RHP Joon-ho Rhee
|
Pitching: RHP Josh Boyles
|
|
Batting: LHB Danny Dunham
|
0-0: Ball 1-0: Ball 2-0: Ball 3-0: Foul Ball, location: 2F 3-1: Fly out, F9 (Flyball, 9LM, EV 95.0 MPH)
|
Batting: LHB Kyle Schaible
|
0-0: Called Strike 0-1: Ball 1-1: Fly out, F4 (Popup, 4MD, EV 66.9 MPH)
|
Batting: RHB Shigem Kubo
|
0-0: Ball 1-0: Swinging Strike 1-1: Foul Ball, location: 2F 1-2: Foul Ball, location: 2F 1-2: Foul Ball, location: 2F 1-2: Foul Ball, location: 2F 1-2: Ball 2-2: Ball 3-2: Foul Ball, location: 2F 3-2: Foul Ball, location: 2F 3-2: Base on Balls
|
Batting: RHB Hiroshige Yamada
|
0-0: Ball 1-0: Foul Ball, location: 2F 1-1: Ball 2-1: Ball 3-1: Ground out 5-3 (Groundball, 56S, EV 71.2 MPH)
|
Bottom of the 7th over - 0 runs, 0 hits, 0 errors, 1 left on base; Baltimore 2 - Cleveland 5 |
TOP OF THE 8TH |
Baltimore Orioles batting - Pitching for Cleveland Indians : RHP Art Nobles
|
Batting: RHB Andres Leon
|
0-0: Ball 1-0: Foul Ball, location: 2F 1-1: Foul Ball, location: 2F 1-2: Ball 2-2: Strikes out swinging
|
Batting: RHB Marc Peckermark
|
0-0: Swinging Strike 0-1: Ball 1-1: Ball 2-1: Ball 3-1: SINGLE (Groundball, 34D, EV 103.8 MPH)
|
Batting: RHB Saimei Kudo
|
0-0: Called Strike 0-1: Ball 1-1: Grounds into double play, 6-4-3 (Groundball, 6M, EV 79.4 MPH)
|
Top of the 8th over - 0 runs, 1 hit, 0 errors, 0 left on base; Baltimore 2 - Cleveland 5 |
BOTTOM OF THE 8TH |
Cleveland Indians batting - Pitching for Baltimore Orioles : RHP Josh Boyles
|
Pitching: RHP Chris Dauphin
|
|
Batting: RHB Ji-an Li
|
0-0: Foul Ball, location: 2F 0-1: Ball 1-1: Ball 2-1: Foul Ball, location: 2F 2-2: Foul Ball, location: 2F 2-2: Ground out 6-3 (Groundball, 6S, EV 75.0 MPH)
|
Batting: LHB Stu Sornson
|
0-0: Foul Ball, location: 2F 0-1: Foul Ball, location: 2F 0-2: Ball 1-2: Foul Ball, location: 2F 1-2: Foul Ball, location: 2F 1-2: DOUBLE (Line Drive, 8LXD, EV 101.9 MPH)
|
Batting: RHB Drtian Thaqi
|
0-0: Ball 1-0: Ball 2-0: SINGLE (Groundball, 34D, EV 95.6 MPH) Stu Sornson to third Runner from 3rd tries for Home, SAFE, throw by RF to home
|
Batting: RHB Jesus Galvan
|
0-0: Ball 1-0: Called Strike 1-1: Swinging Strike 1-2: Ball 2-2: SINGLE (Line Drive, 9LM, EV 93.1 MPH) Drtian Thaqi to second Runner from 2nd tries for 3rd, SAFE, throw by RF made to third
|
Pitching: RHP David Silva
|
|
Batting: LHB Arvin Dungca
|
0-0: Ball 1-0: Called Strike 1-1: Called Strike 1-2: Foul Ball, location: 2F 1-2: Ball 2-2: Grounds into double play, 4-6-3 (Groundball, 4, EV 98.1 MPH)
|
Bottom of the 8th over - 1 run, 3 hits, 0 errors, 1 left on base; Baltimore 2 - Cleveland 6 |
TOP OF THE 9TH |
Baltimore Orioles batting - Pitching for Cleveland Indians : RHP Art Nobles
|
Batting: SHB Jason Hayes
|
0-0: Ball 1-0: Swinging Strike 1-1: Foul Ball, location: 2F 1-2: Foul Ball, location: 2F 1-2: Ball 2-2: Foul Ball, location: 2F 2-2: Foul Ball, location: 2F 2-2: Foul Ball, location: 2F 2-2: Strikes out swinging
|
Batting: LHB Brad Pepin
|
0-0: Ball 1-0: Called Strike 1-1: Ball 2-1: Ball 3-1: Called Strike 3-2: SINGLE (Groundball, 34D, EV 98.8 MPH)
|
Pitching: RHP Travis Lakatos
|
|
Batting: SHB Robert Handy
|
0-0: Foul Ball, location: 2F 0-1: Fielders Choice at 2nd, 1-6 (Groundball, 13S, EV 63.8 MPH)
|
Batting: LHB Paul Diaz
|
0-0: Foul Ball, location: 2F 0-1: Ball 1-1: Swinging Strike 1-2: Ball 2-2: Foul Ball, location: 2F 2-2: Ball 3-2: Strikes out swinging
|
Top of the 9th over - 0 runs, 1 hit, 0 errors, 1 left on base; Baltimore 2 - Cleveland 6 |
|